 Dungeon Crawl Stone Soup version 0.29-a0-717-g6dac4ea423 (webtiles) character file.

Game seed: 8802652122271472973

32 gobodom the Gusty (level 3, 0/19 HPs)
             Began as a Tengu Air Elementalist on June 27, 2022.
             Slain by an adder (2 damage)
             ... on level 2 of the Dungeon.
             The game lasted 00:03:36 (1107 turns).

gobodom the Gusty (Tengu Air Elementalist)          Turns: 1107, Time: 00:03:36

Health: 0/19       AC:  2    Str: 10    XL:     3   Next: 25%
Magic:  1/7        EV: 12    Int: 15    God:
Gold:   37         SH:  0    Dex: 14    Spells: 5/6 levels left

rFire   . . .      SeeInvis .   d - +0 hand axe
rCold   . . .      Faith    .   (no shield)
rNeg    . . .      Spirit   .   a - +0 robe
rPois   .          Reflect  .   (helmet restricted)
rElec   .          Harm     .   (no cloak)
rCorr   .          Rampage  .   (no gloves)
Will    .....                   (boots unavailable)
Stlth   ++........              (no amulet)
HPRegen 0.06/turn               (no ring)
MPRegen 0.10/turn               (no ring)

@: lethally poisoned (0 -> -7), very slightly contaminated
A: beak, talons 3
a: no special abilities


You were on level 2 of the Dungeon.
You visited 1 branch of the dungeon, and saw 2 of its levels.

You collected 37 gold pieces.

Inventory:

Hand Weapons
 d - a +0 hand axe (weapon)
Armour
 a - a +0 robe (worn)
Scrolls
 c - a scroll of fog {unknown}
Potions
 b - a potion of magic
 e - a potion of heal wounds {unknown}
 f - a potion of ambrosia {unknown}


   Skills:
 + Level 2.5 Dodging
 + Level 2.1 Stealth
 + Level 2.4 Spellcasting
 + Level 1.8 Conjurations
 + Level 4.7 Air Magic


You had 5 spell levels left.
You knew the following spells:

 Your Spells              Type           Power      Damage    Failure   Level
a - Shock                 Conj/Air       44%        1d5       5%          1

Your spell library contained the following spells:

 Spells                   Type           Power      Damage    Failure   Level
 Static Discharge         Conj/Air       11%        N/A       9%          2
 Swiftness                Air            16%        N/A       9%          3
 Airstrike                Air            8%         N/A       30%         4


Dungeon Overview and Level Annotations

Branches:
Dungeon (2/15)

Altars:


Innate Abilities, Weirdness & Mutations

You have a beak for a mouth.
You have claws for feet.


Message History

There is a stone staircase leading down here.
You climb downwards.
Found 26 gold pieces and a long sword.
There is a stone staircase leading up here.
The zap hits the giant cockroach.
The giant cockroach is almost dead.
The zap misses the giant cockroach.
The zap hits the giant cockroach.
You kill the giant cockroach!
The zap misses the quokka.
The quokka barely misses you. The adder barely misses you.
The zap misses the adder.
The quokka closely misses you. The adder barely misses you.
The quokka misses you.
The zap hits the adder.
The adder is lightly wounded.
The adder closely misses you. The quokka closely misses you.
You miscast Shock.
You are very lightly contaminated with residual magic.
Nothing appears to happen.
The adder closely misses you. The quokka misses you.
The adder barely misses you.
You barely miss the adder. Your peck misses the adder.
You closely miss the quokka. The quokka bites you. The adder bites you.
You barely miss the adder. You hit the quokka. The quokka barely misses you.
The adder completely misses you. The quokka closely misses you.
The adder bites you.
You are poisoned.
The adder poisons you!
You hit the quokka.
You kill the quokka!
You closely miss the adder.
You feel sick. The adder misses you. The adder bites you but does no damage.
You closely miss the adder.
You feel sick. The adder bites you.
* * * LOW HITPOINT WARNING * * *
You are lethally poisoned!
The adder poisons you!
You closely miss the adder. Your kick misses the adder.
* * * LOW HITPOINT WARNING * * *
You feel very sick. The adder bites you.
You die...

###########
##...#.....####
...............
#........#
#...@..$.#
#....S...#
+....†...#
#...........
.............
+....$........
#...##.####)..
.... ..# ...


You could see an adder.

Vanquished Creatures
  3 dart slugs (D:1)
  2 endoplasms (D:1)
  2 giant cockroaches
  A goblin (D:1)
  3 hobgoblins (D:1)
  4 quokkas
  3 bats (D:1)
  3 frilled lizards (D:1)
  2 kobolds (D:1)
  2 rats (D:1)
25 creatures vanquished.

Notes
Turn   | Place    | Note
-------+----------+-------------------------------------------
     0 | D:1      | gobodom the Tengu Air Elementalist began the quest for the
                  | Orb.
     0 | D:1      | Reached XP level 1. HP: 10/10 MP: 4/4
    17 | D:1      | Found a faded altar of an unknown god.
   217 | D:1      | Reached XP level 2. HP: 12/15 MP: 1/6
   711 | D:1      | Reached XP level 3. HP: 19/19 MP: 3/7
  1107 | D:2      | Slain by an adder

Illustrated notes

Levels and vault maps discovered:
D:1:      minmay_arrival_hallway, layout_rooms,
          dreamdust_ecumenical_altar_statues
D:2:      layout_basic, minivault_11, minivault_5

Action                   || total
-------------------------++-------
Melee: Hand axe          ||     8
       Kick              ||     1
 Cast: Shock             ||    66
Armor: Robe              ||     3
Dodge: Dodged            ||    16

Table legend: (Time is in decaauts)
 A = Elapsed time spent in this place.
 B = Non-inter-level travel time spent in this place.
 C = Inter-level travel time spent in this place.
 D = Time resting spent in this place.
 E = Time spent auto-exploring this place.
 F = Levels seen in this place.
 G = Mean time per level.
                   A        B        C        D        E       F      G
               +--------+--------+--------+--------+--------+-----+--------+
         Total |   1108 |   1108 |      0 |      0 |    894 |   2 |  554.0 |
       Dungeon |   1108 |   1108 |      0 |      0 |    894 |   2 |  554.0 |
               +--------+--------+--------+--------+--------+-----+--------+

Top non-repeatable levels by time:
     D:1: 1095 daAuts
     D:2: 12 daAuts
